 Dungeon Sprint DCSS version bcrawl-1.27.1d (webtiles) character file.

Game seed: 6026301769673521164

97826 Freyura the Gusty (level 1, 10/11 HPs)
             Began as a Fairy Air Elementalist on July 16, 2020.
             Got out of the dungeon alive.
             The game lasted 00:02:10 (29 turns).

Freyura the Gusty (Fairy Air Elementalist)            Turns: 29, Time: 00:02:11

Health: 10/11      AC:  3    Str:  6    XL:     1   Next: 90%
Magic:  7/7        EV: 17    Int: 18    God:
Gold:   0          SH:  3    Dex: 12    Spells: 6/7 levels left

rFire    . . .     SeeInvis .     - Fists (2.4)
rCold    . . .     Gourm    .   (shield restricted)
rNeg     . . .     Faith    .   (armour unavailable)
rPois    .         Spirit   .   (no helmet)
rElec    .         Reflect  .   (no cloak)
rCorr    .         Harm     .   (no gloves)
MR       .....     NoTele   +   (no boots)
Stlth    +.........             (no amulet)
HPRegen  0.03/turn              (no ring)
MPRegen  0.10/turn              (no ring)

@: flying evasively
A: small, magic attunement, unstealthy, unfitting armour, able to fly, AC/SH +3
a: Stop Flying


You escaped.
You were not hungry.

You visited 1 branch

Inventory:

Scrolls
 i - a scroll of blinking
Potions
 b - a potion of flight
 c - a potion of heal wounds
 d - a potion of curing
 f - a potion of haste
 g - 2 potions of magic
 h - a potion of berserk rage
Comestibles
 e - a ration {!d}


   Skills:
 + Level 3.4 Dodging
 - Level 1.5 Stealth
 * Level 3.9 Spellcasting
 + Level 2.1 Conjurations
 + Level 4.1 Air Magic


You had 6 spell levels left.
You knew the following spells:

 Your Spells              Type           Power        Failure   Level  Hunger
a - Shock                 Conj/Air       ##...        4%          1    None

Your spell library contained the following spells:

 Spells                   Type           Power        Failure   Level  Hunger
 Static Discharge         Air            ###.....     9%          3    None
 Swiftness                Chrm/Air       ##......     10%         2    None
 Airstrike                Air            ###.......   26%         4    None
 Lightning Bolt           Conj/Air       ##........   75%         5    None


Dungeon Overview and Level Annotations

Branches:
Dungeon (1/1)

Altars:


Innate Abilities, Weirdness & Mutations

Your spells do not cause hunger and MP costs are reduced by 1.
Your bright wings attract enemies. (Stealth-)
You cannot fit into any form of body armour.
Your shimmering scales are hard and can block incoming attacks. (AC +3, SH +3)
You are small and have problems with some larger weapons.
You can fly continuously.


Message History

You see here a kobold corpse.
The bat zombie completely misses you. You block the bat zombie's attack.
Things that are here:
a +0 club; a leopard gecko corpse; a hobgoblin corpse The bat zombie closely misses you.
The howler monkey hoots and howls with incredible vigour!
You block the bat zombie's attack.
There is an open door to the Dungeon here.
The bat zombie closely misses you. The bat zombie hits you.
The bat zombie barely misses you. The bat zombie closely misses you.
The bat zombie barely misses you.
The bat zombie hits you but does no damage.
The howler monkey hoots and howls with incredible vigour!
The bat zombie closely misses you.
The sky beast flickers out of sight!
Deactivating autopickup; reactivate with Ctrl-A.
There is a staircase leading out of the dungeon here.
Are you sure you want to leave the Dungeon?
This will make you lose the game!
The bat zombie hits you but does no damage.
The bat zombie completely misses you. The bat zombie closely misses you.
You have escaped!

▓.▓
▓o▓
▓†▓
▓h▓
▓a▓
▓.▓
▓.▓
▓Z▓
▓@▓
▓▓▓


You could see a howler monkey, a worker ant, an orc and a bat zombie.

Vanquished Creatures
  A leopard gecko (D)
  A hobgoblin (D)
  A kobold (D)
  A bat (D)
  A frilled lizard (D)
5 creatures vanquished.

Notes
Turn   | Place    | Note
-------+----------+-------------------------------------------
     0 | D        | Freyura the Fairy Air Elementalist began the quest for the
                  | Orb.
     0 | D        | Reached XP level 1. HP: 11/11 MP: 6/6
     8 | D        | Reached skill level 4 in Air Magic
    18 | D        | Noticed a howler monkey
    18 | D        | Noticed a worker ant
    18 | D        | Noticed a sky beast
    29 | D        | Got out of the dungeon alive.

Skill      XL: |  1 |
---------------+----+-----
Spellcasting   | 3 |  3.9
Dodging        | 3 |  3.4
Conjurations   | 2 |  2.1
Air Magic      | 4 |  4.1
Stealth        | |  1.5

Action                   || total
-------------------------++-------
 Cast: Shock             ||     5
Armor: Skin              ||     4
Dodge: Dodged            ||    14
Block: Other             ||     3
